 Dungeon Crawl Stone Soup version 0.28.0-45-g0d030f2227 (console) character file.

Game seed: 7820128094942854557

588 Faeu the Covered (level 7, -13/62 HPs)
             Began as a Minotaur Fighter on Apr 19, 2022.
             Mangled by an ogre
             ... wielding a +0 giant spiked club
              (29 damage)
             ... on level 5 of the Dungeon.
             The game lasted 00:10:56 (3679 turns).

Faeu the Covered (Minotaur Fighter)                 Turns: 3679, Time: 00:10:56

Health: -13/62     AC:  8    Str: 23    XL:     7   Next: 15%
Magic:  6/6        EV:  9    Int:  5    God:
Gold:   271        SH:  5    Dex:  9    Spells: 6/6 levels left

rFire   . . .      SeeInvis .   a - +0 long sword {long}
rCold   . . .      Faith    .   c - +0 buckler
rNeg    . . .      Spirit   .   b - +0 scale mail
rPois   .          Reflect  .   (helmet restricted)
rElec   .          Harm     .   (no cloak)
rCorr   .          Rampage  .   (no gloves)
Will    .....                   k - +0 pair of boots {Fly}
Stlth   ..........              (no amulet)
HPRegen 0.20/turn               (no ring)
MPRegen 0.10/turn               (no ring)

@: flying
A: horns 2, retaliatory headbutt
a: no special abilities


You were on level 5 of the Dungeon.
You visited 1 branch of the dungeon, and saw 5 of its levels.

You collected 271 gold pieces.


Innate Abilities, Weirdness & Mutations

You have a pair of horns on your head.
You reflexively headbutt those who attack you in melee.


   Skills:
 + Level 5.8 Fighting
 + Level 5.1 Long Blades
 + Level 5.9 Armour
 + Level 5.8 Shields


You had 6 spell levels left.
You didn't know any spells.
Your spell library contained the following spells:

 Spells                   Type           Power      Damage    Failure   Level
 Gell's Gravitas          Tloc           0%         N/A       99%         3
 Teleport Other           Tloc           0%         N/A       99%         3
 Dispersal                Tloc           0%         N/A       100%        6

Inventory:

Hand Weapons
 a - a +0 long sword (weapon) {long}
 u - a +1 battleaxe of flaming {axe}
   (You found it on level 5 of the Dungeon)
Armour
 b - a +0 scale mail (worn)
 c - a +0 buckler (worn)
 k - a +0 pair of boots of flying (worn)
   (You found it on level 2 of the Dungeon)
Wands
 o - a wand of paralysis (5)
   (You found it on level 3 of the Dungeon)
Scrolls
 g - 4 scrolls of identify {unknown}
 h - a scroll of enchant armour {unknown}
 j - a scroll of fog {unknown}
 l - a scroll of vulnerability {unknown}
 m - a scroll of fear {unknown}
 n - a scroll of immolation {unknown}
 p - a scroll of silence {unknown}
 r - a scroll of summoning {unknown}
 s - a scroll of torment {unknown}
Potions
 d - 2 potions of might
 e - a potion of attraction {unknown}
 f - a potion of magic {unknown}
 i - 2 potions of haste {unknown}
 q - a potion of curing {unknown}
 t - a potion of invisibility {unknown}

Dungeon Overview and Level Annotations

Branches:
Dungeon (5/15)
 Temple: D:4-7

Altars:
Dithmenos
Okawaru
Sif Muna

Shops:
D:3 :   D:4 (=***

Annotations:
D:3 1 runed translucent door, weresquid's ghost, amateur GrGl

#### .... ### ##
###############
....
#...$O@.......#
.##.
#...##########.#
.# ..... #.# .#
###. #.# .# #
#.# .## #.# ..
#.# .# #.#
)####### #.#
........ #.#
...##### ### #.#


You could see an ogre.


Message History

An iguana comes into view.
The iguana hisses angrily.
The iguana bites you. 😕 HP[-3]
You take 3 damage, and now have 53/56 hp.
You slash the iguana! The iguana closely misses you.
You slash the iguana!
You kill the iguana!
You see here an iguana corpse. 😕 HP[+1]
An ogre comes into view. It is wielding a +0 giant club.
The ogre shouts! 😎 HP[+2]
You see here 18 stones {throwing}.
The ogre hits you with a +0 giant club! 😮 HP[-14]
You take 14 damage, and now have 42/56 hp.
MASSIVE DAMAGE!! (PAUSE)
You hit the ogre. The ogre barely misses you.
You hit the ogre. The ogre barely misses you. You furiously retaliate!
You headbutt the ogre! 😕 HP[+1]
You slash the ogre!
You kill the ogre!
Your Long Blades skill increases to level 5!
You have reached level 7! 😕 HP[+4] MP[+1]
You now have 62 max hp (+6).
You regained 4 hp, and now have 47/62 hp.
Your mp is fully restored (6).
Things that are here:
a +0 giant club {mace}; an ogre corpse; 😕 HP[+1]
You see here 18 stones {throwing}.
An iguana comes into view. 😕 HP[+3]
You regained 3 hp, and now have 51/62 hp.
The iguana hisses angrily.
You closely miss the iguana. You block the iguana's attack. 😕 HP[+1]
You hit the iguana. The iguana bites you. 😕 HP[-5]
You take 5 damage, and now have 47/62 hp.
You closely miss the iguana. Your headbutt misses the iguana.
You block the iguana's attack. x2
You slash the iguana! You headbutt the iguana.
You kill the iguana!
You see here an iguana corpse. 😕 HP[+1]
You see here an iguana corpse.
You now have 240 gold pieces (gained 9).
An orc comes into view. It is wielding a +0 morningstar.
The orc shouts! 😎 HP[+14]
A bullfrog zombie comes into view.
You closely miss the orc. You block the orc's attack.
The orc closely misses you.
You hit the orc. You headbutt the orc!
You kill the orc!
Things that are here:
a +0 morningstar {mace}; an orc corpse You slash the bullfrog zombie!
The bullfrog zombie barely misses you. You furiously retaliate!
You headbutt the bullfrog zombie! The bullfrog zombie hits you. 😕 HP[-4]
You take 4 damage, and now have 58/62 hp.
You hit the bullfrog zombie. You headbutt the bullfrog zombie.
The bullfrog zombie hits you but does no damage.
You slash the bullfrog zombie! The bullfrog zombie hits you.
The bullfrog zombie hits you but does no damage. 😕 HP[-2]
You take 2 damage, and now have 56/62 hp.
You hit the bullfrog zombie.
You destroy the bullfrog zombie! 😕 HP[+1]
You now have 258 gold pieces (gained 18).
You now have 271 gold pieces (gained 13).
An ogre comes into view. It is wielding a +0 giant club.
The ogre shouts!
You hear a bark!
A hound comes into view.
You hear a shout!
You see here 10 gold pieces. 😎 HP[+5]
An ogre comes into view. It is wielding a +0 giant spiked club.
The ogre closely misses you.
You barely miss the ogre.
The ogre hits you with a +0 giant club!! 😮 HP[-20]
You take 20 damage, and now have 42/62 hp.
MASSIVE DAMAGE!! (PAUSE)
You slash the ogre! You headbutt the ogre. The ogre misses you.
You hit the ogre. Your headbutt misses the ogre.
The ogre hits you with a +0 giant club!!
* * * LOW HITPOINT WARNING * * *
😨 HP[-20]
You take 20 damage, and now have 22/62 hp.
MASSIVE DAMAGE!! (PAUSE)
You barely miss the ogre. You headbutt the ogre!
The ogre hits you with a +0 giant club!
* * * LOW HITPOINT WARNING * * *
😱 HP[-7]
You take 7 damage, and now have 15/62 hp.
You hit the ogre.
You kill the ogre!
The ogre hits you with a +0 giant spiked club!!
You die...

Skill      XL: |  1  2  3  4  5  6 |
---------------+-------------------+-----
Armour         | 4 5 |  5.9
Shields        | 4 5 |  5.8
Fighting       | 4 5 |  5.8
Long Blades    | 3 4 5 |  5.1

Action                   |  1- 3 |  4- 6 |  7- 9 || total
-------------------------+-------+-------+-------++-------
Melee: Long sword        |    95 |    84 |    15 ||   194
       Headbutt          |     6 |    14 |     5 ||    25
Armor: Scale mail        |    44 |    38 |     2 ||    84
Dodge: Dodged            |    46 |    51 |     4 ||   101
Block: Buckler           |    24 |    17 |     4 ||    45

Levels and vault maps discovered:
D:1:      eino_arrival_water_star, layout_basic
D:2:      layout_basic
D:3:      layout_rooms, mainiacjoe_overflow_catwalk_spiral,
          hellmonk_ghost_happy_afterlife, serial_shops, nicolae_diamond_shop,
          shapermc_ecumenical_altar_starsandcircs,
          chequers_serial_rivers_micro_c, wad_woods_river_04
D:4:      layout_basic, minmay_shop_mayhem, minmay_misc_feat_four_crosses,
          minmay_shop_grid_forest
D:5:      layout_loops_ring, kennysheep_okawaru_gauntlet, serial_shops,
          kennysheep_mini

Notes
Turn   | Place    | Note
-------+----------+-------------------------------------------
     0 | D:1      | Faeu the Minotaur Fighter began the quest for the Orb.
     0 | D:1      | Reached XP level 1. HP: 19/19 MP: 0/0
     0 | D:1      | magus.rc [v1.9.6]
   132 | D:1      | Reached XP level 2. HP: 25/27 MP: 1/1
   297 | D:1      | Reached skill level 4 in Armour
   380 | D:1      | Reached skill level 4 in Shields
   393 | D:1      | Reached skill level 4 in Fighting
   513 | D:1      | Reached skill level 3 in Long Blades
   589 | D:2      | Reached XP level 3. HP: 33/33 MP: 2/2
   882 | D:2      | Identified the +1 robe of Ru's Inspiration {Harm Regen+
                  | Str+4 Stlth-}
  1184 | D:3      | Noticed weresquid's ghost (amateur GrGl)
  1184 | D:3      | Found a shimmering blue altar of Sif Muna.
  1233 | D:3      | Found a runed translucent door.
  1302 | D:3      | Found a faded altar of an unknown god.
  1517 | D:3      | Reached XP level 4. HP: 35/41 MP: 3/3
  1596 | D:3      | Found a shadowy altar of Dithmenos.
  1773 | D:3      | Found Ziss's Book Shop.
  1783 | D:3      | You add the spells Gell's Gravitas, Teleport Other and
                  | Dispersal to your library.
  2168 | D:4      | Found Joti's Jewellery Shoppe.
  2169 | D:4      | Found Beitygac's Antique Weapon Shoppe.
  2169 | D:4      | Found Zac Cie's General Store.
  2169 | D:4      | Found Daotion's General Store.
  2290 | D:4      | Reached XP level 5. HP: 45/47 MP: 4/4
  2444 | D:4      | Found Fiuckoxt's Mayhem Merchandise.
  2512 | D:4      | HP: 10/47 [iguana (4)]
  2513 | D:4      | HP: 3/47 [iguana (7)]
  2811 | D:4      | Reached skill level 4 in Long Blades
  2890 | D:4      | Reached skill level 5 in Armour
  2890 | D:4      | Reached skill level 5 in Shields
  3063 | D:5      | Entered Level 5 of the Dungeon
  3071 | D:5      | Reached skill level 5 in Fighting
  3071 | D:5      | Reached XP level 6. HP: 34/56 MP: 5/5
  3361 | D:5      | Found an iron altar of Okawaru.
  3456 | D:5      | Reached skill level 5 in Long Blades
  3456 | D:5      | Reached XP level 7. HP: 47/62 MP: 6/6
  3678 | D:5      | HP: 15/62 [ogre/+0 giant club (7)]
  3679 | D:5      | Mangled by an ogre

Vanquished Creatures
  3 ogres (D:5)
  A bullfrog (D:5)
  A jelly (D:4)
  A bullfrog zombie (D:5)
  A hound (D:4)
  A bullfrog skeleton (D:5)
  3 iguanas
  An orc wizard (D:3)
  A hound zombie (D:5)
  4 adders
  A worm (D:4)
  2 dart slugs
  4 orcs
  4 bats
  7 endoplasms
  3 giant cockroaches
  7 goblins
  15 hobgoblins
  2 quokkas
  6 ball pythons
  3 frilled lizards
  3 kobolds
  3 rats
77 creatures vanquished.

Vanquished Creatures (others)
  A plant (D:3)
1 creature vanquished.

Grand Total: 78 creatures vanquished

Table legend:
 A = Non-vault XP
 B = Vault XP
 C = Vault XP percentage of total XP
 D = Non-vault monster count
 E = Vault monster count
 F = Vault count percentage of total count
                 A         B        C        D         E       F
            +---------+---------+-------+---------+---------+-------
      Total |     955 |       4 |   0.4 |      75 |       2 |   2.6
            +---------+---------+-------+---------+---------+-------
        D:1 |      39 |       0 |   0.0 |      22 |       0 |   0.0
        D:2 |      26 |       0 |   0.0 |      10 |       0 |   0.0
        D:3 |      68 |       0 |   0.0 |      16 |       0 |   0.0
        D:4 |     177 |       0 |   0.0 |      16 |       0 |   0.0
        D:5 |     645 |       4 |   0.6 |      11 |       2 |  15.4
            +---------+---------+-------+---------+---------+-------

Illustrated notes

Table legend:
 A = Kills in this place as a percentage of kills in entire the game.
 B = Kills by you in this place as a percentage of kills by you in the entire game.
 C = Kills by friends in this place as a percentage of kills by friends in the entire game.
 D = Other kills in this place as a percentage of other kills in the entire game.
 E = Experience gained in this place as a percentage of experience gained in the entire game.
 F = Experience gained in this place divided by the number of levels of this place that you have seen.
                   A       B       C       D       E      F
               +-------+-------+-------+-------+-------+----------------------
         Total | 100.0 | 100.0 |   N/A |   N/A | 100.0 | 191.8
       Dungeon | 100.0 | 100.0 |   N/A |   N/A | 100.0 | 191.8
               +-------+-------+-------+-------+-------+----------------------

Table legend: (Time is in decaauts)
 A = Elapsed time spent in this place.
 B = Non-inter-level travel time spent in this place.
 C = Inter-level travel time spent in this place.
 D = Time resting spent in this place.
 E = Time spent auto-exploring this place.
 F = Levels seen in this place.
 G = Mean time per level.
                   A        B        C        D        E       F      G
               +--------+--------+--------+--------+--------+-----+--------+
         Total |   3730 |   3641 |     89 |    224 |   2526 |   5 |  746.0 |
       Dungeon |   3730 |   3641 |     89 |    224 |   2526 |   5 |  746.0 |
               +--------+--------+--------+--------+--------+-----+--------+

Top non-repeatable levels by time:
     D:3: 991 daAuts
     D:4: 910 daAuts
     D:2: 657 daAuts
     D:5: 625 daAuts
     D:1: 547 daAuts
